 Dungeon Crawl Stone Soup version 0.26.1-2-gb8aa6d0cf2 (webtiles) character file.

Game seed: 12855096253321036530

1271 MalarOregon the Slinger (level 8, -11/54 HPs)
             Began as a Halfling Hunter on Mar 29, 2021.
             Was a Follower of Uskayaw.
             Killed from afar by an electric eel (12 damage)
             ... with a bolt of electricity
             ... on level 6 of the Dungeon on Mar 30, 2021.
             The game lasted 00:17:59 (7063 turns).

MalarOregon the Slinger (Halfling Hunter)           Turns: 7063, Time: 00:18:00

Health: -11/54     AC:  7    Str: 13    XL:     8   Next: 83%
Magic:  8/8        EV: 13    Int: 11    God:    Uskayaw [*.....]
Gold:   267        SH:  0    Dex: 15    Spells: 7/7 levels left

rFire    . . .     SeeInvis .   a - +1 hunting sling
rCold    . . .     Faith    .   (shield restricted)
rNeg     . . .     Spirit   .   s - +0 scale mail
rPois    .         Reflect  .   o - +0 helmet
rElec    .         Harm     .   (no cloak)
rCorr    .         Rampage  .   (no gloves)
Will     .....                  (no boots)
Stlth    ++........             (no amulet)
HPRegen  0.18/turn              x - ring of flight
MPRegen  0.11/turn              (no ring)

@: no status effects
A: small, mutation resistance 1
a: Renounce Religion, Evoke Flight, Stomp


You were on level 6 of the Dungeon.
You worshipped Uskayaw.
Uskayaw was noncommittal.
You visited 1 branch of the dungeon, and saw 6 of its levels.
You also visited: Ossuary.

You collected 267 gold pieces.

Inventory:

Hand Weapons
 a - a +1 hunting sling (weapon)
 b - a +4 short sword
   (You took it off a kobold on level 2 of the Dungeon)
 h - a +3 falchion
   (You found it on level 4 of the Dungeon)
Missiles
 d - 14 sling bullets
 e - 133 stones (quivered ammo)
 t - 4 boomerangs of dispersal {!f}
Armour
 o - a +0 helmet (worn)
   (You took it off Robin on level 2 of the Dungeon)
 s - a +0 scale mail (worn)
   (You found it on level 2 of the Dungeon)
Jewellery
 x - a ring of flight (left hand)
   (You found it on level 3 of the Dungeon)
Scrolls
 f - 2 scrolls of fog
 i - 7 scrolls of remove curse {@r2}
 k - 7 scrolls of identify {@r1}
 l - a scroll of fear
 m - a scroll of magic mapping
 v - 7 scrolls of teleportation {@r4}
 y - a scroll of noise {!r}
 A - a scroll of enchant armour {unknown}
 B - a scroll of acquirement {unknown}
Potions
 c - a potion of berserk rage {unknown}
 g - a potion of curing {@q1}
 j - 2 potions of brilliance {unknown}
 n - 2 potions of magic
 p - a potion of degeneration {unknown}
 q - 3 potions of heal wounds {unknown}
 r - 4 potions of flight {unknown}
 u - 4 potions of attraction {unknown}
 w - a potion of haste {unknown}
 z - a potion of cancellation {unknown}
 C - a potion of lignification {unknown}


   Skills:
 + Level 4.0 Fighting
 + Level 4.5 Short Blades
 * Level 10.1 Slings
 + Level 4.8 Dodging
 + Level 4.8 Stealth
 + Level 0.5 Invocations
 + Level 0.4 Evocations


You had 7 spell levels left.
You didn't know any spells.
Your spell library was empty.

Dungeon Overview and Level Annotations

Branches:
Dungeon (6/15)             Temple (0/1) D:6         Ossuary (visited)

Altars:
Ashenzari
Cheibriados
Dithmenos
Hepliaklqana
Kikubaaqudgha
Okawaru
Uskayaw

Annotations:
D:2 1 runed translucent door, Crazy Yiuf


Innate Abilities, Weirdness & Mutations

You are small and have problems with some larger weapons.
You are somewhat resistant to further mutation.


Message History

* * * LOW HITPOINT WARNING * * *
You can now pass through a line of other dancers.
You puncture the centaur! The centaur barely misses you.
Your scale mail prevents you from hitting the centaur.
The centaur hits you but does no damage.
You puncture the centaur! The centaur closely misses you.
The centaur hits you but does no damage.
You barely miss the centaur.
The centaur drinks a potion.
The centaur is healed!
You hit the centaur. The centaur misses you.
Uskayaw will force your foes to helplessly watch your dance.
Uskayaw prepares the audience for your solo!
The helpless centaur fails to defend itself.
You impale the centaur!!
You kill the centaur!
The hound skeleton is no longer paralysed.
Your Fighting skill increases to level 4!
You hit the hound skeleton. The hound skeleton misses you.
The hound skeleton bites you but does no damage.
You barely miss the hound skeleton.
The hound skeleton bites you but does no damage.
You puncture the hound skeleton! The hound skeleton barely misses you.
You hit the hound skeleton. The hound skeleton closely misses you.
Uskayaw will force your foes to share their pain.
You puncture the hound skeleton!
You destroy the hound skeleton!
Uskayaw will no longer force your foes to share their pain.
e - 133 stones (gained 2)
You aren't carrying any items that you can evoke.
You open the door.
The electric eel shoots out a bolt of lightning at you!
The bolt of electricity misses you.
Uskayaw will no longer force your foes to helplessly watch your dance.
You can't see that place. [a tree.]
You can no longer pass through a line of other dancers.
a - a +1 hunting sling (weapon)
You now have 267 gold pieces (gained 9).
There is an open door, spattered with blood here.
Things that are here:
a +0 shortbow; 9 arrows; a centaur corpse The electric eel shoots out a bolt of lightning at you!
The bolt of electricity hits the electric eel.
The electric eel completely resists.
The bolt of electricity hits you.
* * * LOW HITPOINT WARNING * * *
The electric eel shoots out a bolt of lightning at you!
The bolt of electricity hits you!
* * * LOW HITPOINT WARNING * * *
The bolt of electricity hits you!
You die...

*######################**
*...........$.#........,*
*,............#........,* **
*,,...........#.......,,*
,*********#.......#...#*,,,**
,*,,,,,,,,#.......(...#*+**#*
,*,,,,,,,,##'###)######*,...*
,*,,,,,,,,#...##@##...##...######
,*,,,,,,,,#♣...............##....
,*,,,,,,,.;;♣.........##,,,*#....
,,***,,,,P≈≈(♣........###+###....
,,,,*,,,,♣P≈≈♣.............†.....
,,,,*,,,.≈P≈≈≈♣..................
,,,,*,,,.≈≈PP≈♣#########...##+###
,,,,*≈,,.≈≈≈≈≈*,,,,,,,,#...#*,,,,
*,,,*≈,,..≈≈≈≈≈,,,,,,,,#...#*,,,,


You could see 2 electric eels.

Vanquished Creatures
  Menkaure (Ossuary)
  An ice beast (D:5)
  An ogre (D:5)
  2 centaurs
  A bullfrog (D:2)
  3 scorpions
  A bullfrog zombie (D:5)
  An iguana (D:5)
  Jessica (D:2)
  5 worker ants
  A hound skeleton (D:6)
  3 mummies (Ossuary)
  Robin (D:2)
  8 gnolls
  9 adders
  An ufetubus (D:6)
  2 worms
  4 dart slugs
  7 leopard geckos
  2 orcs (D:3)
  2 bat zombies (D:5)
  5 giant cockroaches
  4 gnoll zombies (Ossuary)
  14 hobgoblins
  15 jackals
  10 kobolds
  4 quokkas
  2 ball pythons
  9 bats
  6 frilled lizards
  5 gnoll skeletons (Ossuary)
  11 goblins
  4 goblin skeletons (Ossuary)
  6 goblin zombies (Ossuary)
  8 hobgoblin skeletons (Ossuary)
  5 hobgoblin zombies (Ossuary)
  2 kobold zombies (Ossuary)
  4 orc skeletons (Ossuary)
  4 orc zombies (Ossuary)
  A quokka skeleton (D:4)
  5 rats
  3 rat skeletons (Ossuary)
  5 rat zombies
189 creatures vanquished.

Vanquished Creatures (others)
  A rat skeleton (Ossuary)
  A fungus (D:2)
  9 plants (D:6)
11 creatures vanquished.

Grand Total: 200 creatures vanquished

Notes
Turn   | Place    | Note
-------+----------+-------------------------------------------
     0 | D:1      | MalarOregon the Halfling Hunter began the quest for the
                  | Orb.
     0 | D:1      | Reached XP level 1. HP: 14/14 MP: 1/1
     6 | D:1      | Noticed a black bear
     6 | D:1      | Noticed a black mamba
     7 | D:1      | Noticed a swamp worm
    52 | D:1      | Reached skill level 6 in Slings
   110 | D:1      | Reached XP level 2. HP: 19/19 MP: 2/2
   347 | D:1      | Reached skill level 1 in Short Blades
   347 | D:1      | Reached XP level 3. HP: 24/24 MP: 3/3
   452 | D:1      | Found a broken altar of Ashenzari.
   761 | D:2      | Reached XP level 4. HP: 25/29 MP: 4/4
   866 | D:2      | Noticed Robin
   878 | D:2      | Killed Robin
  1035 | D:2      | Found a runed translucent door.
  1036 | D:2      | Noticed Crazy Yiuf
  1082 | D:2      | Noticed a bullfrog
  1088 | D:2      | Killed a bullfrog
  1089 | D:2      | Reached skill level 7 in Slings
  1089 | D:2      | Reached XP level 5. HP: 27/35 MP: 5/5
  1256 | D:2      | Noticed Jessica
  1259 | D:2      | Killed Jessica
  1297 | D:2      | Reached XP level 6. HP: 36/41 MP: 6/6
  1335 | D:2      | Found a faded altar of an unknown god.
  2073 | D:3      | Found a hazy altar of Hepliaklqana.
  2292 | D:3      | Found a shadowy altar of Dithmenos.
  2488 | D:3      | Found a hide-covered altar of Uskayaw.
  3001 | D:3      | Reached skill level 8 in Slings
  3052 | D:3      | Reached XP level 7. HP: 21/45 MP: 7/7
  3127 | D:4      | Found an iron altar of Okawaru.
  3307 | D:4      | Found a sand-covered staircase.
  3313 | Ossuary  | Entered an ossuary
  3759 | Ossuary  | Noticed Menkaure
  3805 | Ossuary  | Killed Menkaure
  4553 | D:4      | Reached skill level 9 in Slings
  4553 | D:4      | Reached XP level 8. HP: 32/52 MP: 8/8
  4773 | D:5      | Entered Level 5 of the Dungeon
  5811 | D:5      | Found a snail-covered altar of Cheibriados.
  6047 | D:5      | Found an ancient bone altar of Kikubaaqudgha.
  6557 | D:3      | Became a worshipper of Uskayaw the Reveller
  6675 | D:6      | Reached * piety under Uskayaw
  6693 | D:6      | Reached skill level 10 in Slings
  6713 | D:6      | Reached ** piety under Uskayaw
  6720 | D:6      | HP: 2/54 [poisoned by a worker ant]
  6728 | D:6      | HP: 2/54 [poisoned by a worker ant]
  7042 | D:6      | Reached *** piety under Uskayaw
  7047 | D:6      | Reached **** piety under Uskayaw
  7063 | D:6      | HP: 1/54 [electric eel/bolt of electricity (7)]
  7063 | D:6      | Killed from afar by an electric eel

Illustrated notes

Levels and vault maps discovered:
D:1:      onia_arrival_zoo_common, layout_basic, kennysheep_pointless_box,
          evilmike_ruin_ashenzari
D:2:      layout_loops_ring, chequers_ecumenical_altar_island, uniq_robin,
          uniq_crazy_yiuf_cottage, uniq_jessica
D:3:      layout_basic, nzn_hepliaklqana_mist_gate, overflow_temple_1_default,
          grunt_dithmenos_smoke_and_mirrors
D:4:      layout_basic, nicolae_ossuary_entry_plus, okawaru_trees_1
D:5:      layout_layer_cave, kennysheep_slug_shrine,
          lemuel_zombie_altar_kikubaaqudgha
D:6:      layout_gridville, grunt_temple_overflow_lords_of_destruction,
          tso_metal_star, lemuel_temple_firewalk_a, portal_sewer_entry_a,
          serial_bayou_ford_a

Skill      XL: |  1  2  3  4  5  6  7  8 |
---------------+-------------------------+-----
Slings         | 6 7 8 9 10 | 10.1
Fighting       | 2 3 4 |  4.0
Short Blades   | 1 2 3 4 |  4.5
Stealth        | 2 3 4 |  4.8
Dodging        | 3 4 |  4.8
Invocations    | |  0.5
Evocations     | |  0.4

Action                   |  1- 3 |  4- 6 |  7- 9 || total
-------------------------+-------+-------+-------++-------
Melee: Short sword       |       |       |   233 ||   233
 Fire: Hunting sling     |    88 |   197 |   156 ||   441
  Use: Scroll            |       |     8 |     2 ||    10
 Stab: Paralysed         |       |       |     1 ||     1
Armor: Ring mail         |     6 |     9 |       ||    15
       Scale mail        |       |    27 |    73 ||   100
Dodge: Dodged            |    19 |    54 |   151 ||   224
